 Dungeon Crawl Stone Soup version 0.32-a0-913-g739538afd8 (webtiles) character file.

Game seed: 8664338598343310794

672 HilariousDeathArtist the Magician (level 7, -3/54 HPs)
             Began as a Coglin Air Elementalist on Apr 9, 2024.
             Was a Believer of Qazlal.
             Slain by a manticore (9 damage)
             ... on level 6 of the Dungeon.
             The game lasted 00:06:05 (5448 turns).

HilariousDeathArtist the Magician (CoAE)            Turns: 5448, Time: 00:06:06

Health: -3/54      AC:  4    Str: 12    XL:     7   Next: 58%
Magic:  13/14      EV: 10    Int: 16    God:    Qazlal [**....]
Gold:   285        SH:  3    Dex: 14    Spells: 10/16 levels left

rFire   . . .        I - +3 falchion {Vidar}
rCold   . . .        n - +4 hand axe (freeze) {Nimrit}
rNeg    . . .        v - +0 leather armour of the Loofah {Str+3}
rPois   .            (no helmet)
rElec   .            (no cloak)
rCorr   .            (no gloves)
SInv    .            r - +0 pair of boots
Will    +....        (amulet unavailable)
Stlth   +            (ring unavailable)
HPRegen 0.29/turn    (ring unavailable)
MPRegen 0.14/turn    (no gizmo)

%: no passive effects
@: mighty, spiked, attractive, enlightened, flying
A: off-hand wielding, slow wielding, warmup strikes, no jewellery
a: Invent Gizmo, Renounce Religion, Upheaval


You were on level 6 of the Dungeon.
You worshipped Qazlal.
Qazlal was pleased with you.
You visited 1 branch of the dungeon, and saw 6 of its levels.

You collected 285 gold pieces.

Inventory:

Hand Weapons
 b - a +2 dagger of freezing {Nenetl}
   (You took it off a goblin on level 4 of the Dungeon)
 c - a +0 dagger
   (You took it off a goblin on level 1 of the Dungeon)
 f - a +0 dagger
   (You took it off a goblin on level 1 of the Dungeon)
 i - a +0 dagger
   (You took it off a kobold on level 1 of the Dungeon)
 k - a +0 club
   (You took it off a goblin on level 1 of the Dungeon)
 m - a +0 spear {Citlalmina}
   (You took it off a gnoll on level 1 of the Dungeon)
 n - a +4 hand axe of freezing (offhand) {Nimrit}
   (You took it off a wight on level 5 of the Dungeon)
 E - a +0 scimitar {Yeongsuk}
   (You took it off Blork the orc on level 4 of the Dungeon)
 I - a +3 falchion (weapon) {Vidar}
   (You took it off a wight on level 5 of the Dungeon)
 K - a +3 mace
   (You took it off a wight on level 5 of the Dungeon)
Missiles
 s - 48 stones
 x - 4 boomerangs
 y - 10 poisoned darts
Armour
 a - a +0 robe
 h - a +0 buckler
   (You found it on level 1 of the Dungeon)
 r - a +0 pair of boots (worn)
   (You found it on level 2 of the Dungeon)
 v - the +0 leather armour of the Loofah (worn) {Str+3}
   (You found it on level 2 of the Dungeon)

   Str+3:     It affects your strength (+3).
Talismans
 p - a blade talisman
   (You found it on level 4 of the Dungeon)
 L - a maw talisman
   (You found it on level 5 of the Dungeon)
Scrolls
 g - a scroll of amnesia
 o - a scroll of poison
 q - a scroll of noise {!r}
 w - a scroll of butterflies
 B - a scroll of enchant armour
 D - a scroll of blinking {!r}
 Y - 2 scrolls of teleportation {@r3}
Potions
 e - 2 potions of degeneration {unknown}
 t - 2 potions of magic
 G - a potion of ambrosia {!q}
 H - a potion of haste
 J - 2 potions of curing {@q1}
 M - a potion of might
 P - 3 potions of lignification {!q}
 U - a potion of mutation {!q}


   Skills:
 + Level 4.2 Fighting
 - Level 1.7 Dodging
 - Level 1.5 Stealth
 + Level 5.0 Spellcasting
 - Level 3.0 Conjurations
 - Level 3.0 Air Magic


You had 10 spell levels left.
You knew the following spells:

 Your Spells              Type           Power      Damage    Failure   Level
a - Shock                 Conj/Air       52%        1d6       5%          1
c - Call Imp              Summ           8%         N/A       28%         2
s - Swiftness             Air            13%        N/A       17%         3

Your spell library contained the following spells:

 Spells                   Type           Power      Damage    Failure   Level
 Static Discharge         Conj/Air       26%        3-5/arc   9%          2
 Kiss of Death            Conj/Necr      32%        2d7       11%         1
 Sublimation of Blood     Necr           4%         N/A       28%         2
 Confusing Touch          Hex            4%         N/A       50%         3
 Airstrike                Air            6%         2d(1-17)  50%         4
 Dispel Undead            Necr           4%         3d7       88%         4
 Conjure Ball Lightning   Conj/Air       6%         3x3d6     100%        6
 Summon Hydra             Summ           2%         N/A       100%        7
 Discord                  Hex            2%         N/A       100%        8
 Disjunction              Tloc           2%         N/A       100%        8


Dungeon Overview and Level Annotations

Branches:
Dungeon (6/15)             Temple (0/1) D:5

Altars:
Elyvilon
Fedhas
Hepliaklqana
Makhleb
Okawaru
Qazlal
Uskayaw
Vehumet
The Shining One

Shops:
D:1 =

Annotations:
D:4 exclusion: oklob plant
D:5 exclusion: statue


Innate Abilities, Weirdness & Mutations

You can wield a second weapon in your off-hand.
It takes a long time for you to wield or remove held weapons.
Your first few attacks do less damage.
You cannot equip rings or amulets.


Message History

Partly explored, can't reach some places.
Partly explored, can't reach some places.
No target in view!
There is a stone staircase leading down here.
You climb downwards.
There is a stone staircase leading up here.
Unknown command.
As you read the scroll of identify {@r1}, it crumbles to dust.
d - a scroll of blinking;
D - a scroll of blinking
d - a scroll labelled SEHIWI EXUBUOL
As you read the scroll of identify {@r1}, it crumbles to dust.
B - a scroll of enchant armour
As you read the scroll of identify {@r1}, it crumbles to dust.
e - a potion of ambrosia;
G - a potion of ambrosia
e - 2 metallic brown potions
As you read the scroll of identify {@r1}, it crumbles to dust.
L - a potion of haste;
H - a potion of haste;
L - a maw talisman
As you read the scroll of identify {@r1}, it crumbles to dust.
w - a potion of heal wounds;
N - a potion of heal wounds
w - a scroll labelled EREUDA VAMNYEG
As you read the scroll of identify {@r1}, it crumbles to dust.
l - a potion of mutation;
U - a potion of mutation
As you read the scroll of identify {@r1}, it crumbles to dust.
g - a scroll of amnesia
As you read the scroll of identify {@r1}, it crumbles to dust.
w - a scroll of butterflies
Okay, then.
The air fills with toxic fumes!
As you read the scroll labelled XOENUT KAOPHE, it crumbles to dust.
It was a scroll of poison.
As you read the scroll labelled SEHIWI EXUBUOL, it crumbles to dust.
It is a scroll of enchant weapon.
Your +3 hand axe of freezing {Nimrit} glows red for a moment.
As you read the scroll labelled DURYMOQOYT, it crumbles to dust.
You assume a fearsome visage.
Nothing appears to happen.
It was a scroll of fear.
Unknown command.
As you read the scroll labelled MONWEH CESOMM, it dissolves into smoke.
It was a scroll of fog.
As you read the scroll labelled BAMISHR IPSIENUE, it crumbles to dust.
The air around you briefly surges with heat, but it dissipates.
It was a scroll of immolation.
You climb upwards.
Level annotation: exclusion: statue
There is a stone staircase leading down here.
You climb downwards.
There is a stone staircase leading up here.
Okay, then.
A manticore comes into view.
A manticore is nearby!
A manticore is nearby!
The zap hits the manticore.
The zap hits the manticore but does no damage.
The manticore flicks its tail.
The volley of spikes skewers you!
Barbed spikes become lodged in your body.
You take 14 damage, and have 40/54 hp.
MASSIVE DAMAGE!!
You now have 13/14 mp.
Unknown command.
Okay, then.
Okay, then.
Okay, then.
It was a potion of curing.
You feel better.
J - 3 potions of curing
n - a +4 hand axe of freezing (offhand) {Nimrit} The manticore flicks its tail.
The volley of spikes skewers you!
More barbed spikes become lodged in your body.
Okay, then.
It was a potion of enlightenment.
You feel very buoyant.
You fly up into the air.
The manticore flicks its tail.
The volley of spikes skewers you!
More barbed spikes become lodged in your body.
You take 14 damage, and have 26/54 hp.
MASSIVE DAMAGE!!
It was a potion of might.
You feel very mighty all of a sudden.
M - a potion of might;
t - 2 potions of magic It was a potion of attraction.
You feel attractive to monsters.
The manticore flicks its tail.
The volley of spikes skewers you!
More barbed spikes become lodged in your body.
* * * LOW HITPOINT WARNING * * *
The manticore is attracted toward you.
You take 13 damage, and have 13/54 hp.
MASSIVE DAMAGE!!
You feel much better. The manticore bites you!! The manticore claws you!
* * * LOW HITPOINT WARNING * * *
The manticore closely misses you.
You take 4 damage, and have 9/54 hp.
You feel better. The manticore bites you.
* * * LOW HITPOINT WARNING * * *
The manticore claws you.
* * * LOW HITPOINT WARNING * * *
The manticore claws you!
You die...

..... .# ..... .#
.....#####.# .......#.#
...##.#.# ###.##.#.#
####### #........###.##
......# #.#....@H..ยง...
...##.####.#..#.#####.##
.<.........#..#.#
...........#....#
...........##.###
...........##.#
..........###..
..........# #..
###........


You could see a manticore.

Vanquished Creatures
  Blork the orc (D:4)
  3 wights (D:5)
  A hound (D:4)
  A bombardier beetle (D:5)
  3 orc priests (D:5)
  3 iguanas
  Natasha (thrice) (D:4)
  A gnoll (D:1)
  6 adders
  A dart slug (D:4)
  12 orcs
  11 ball pythons
  4 bats
  6 endoplasms
  2 giant cockroaches (D:1)
  8 goblins
  8 hobgoblins
  3 kobolds
  3 quokkas
  2 frilled lizards (D:2)
  5 rats
  A spectral hobgoblin (D:3)
  A butterfly (D:3)
89 creatures vanquished.

Notes
Turn   | Place    | Note
-------+----------+-------------------------------------------
     0 | D:1      | HilariousDeathArtist the Coglin Air Elementalist began the
                  | quest for the Orb.
     0 | D:1      | Reached XP level 1. HP: 13/13 MP: 3/3
    47 | D:1      | Reached skill level 1 in Conjurations
   235 | D:1      | Reached skill level 2 in Spellcasting
   235 | D:1      | Reached XP level 2. HP: 19/19 MP: 1/5
   520 | D:1      | Reached skill level 3 in Air Magic
   794 | D:1      | Reached XP level 3. HP: 14/24 MP: 0/6
   806 | D:1      | Learned a level 3 spell: Swiftness
  1032 | D:1      | Found Okhlasell's Jewellery Shoppe.
  1081 | D:1      | Reached skill level 2 in Conjurations
  1143 | D:1      | Found a faded altar of an unknown god.
  1146 | D:1      | Prayed at the altar of an unknown god.
  1146 | D:1      | Became a worshipper of Qazlal Stormbringer
  1146 | D:1      | Reached * piety under Qazlal
  1614 | D:2      | Identified the +0 leather armour of the Loofah {Str+3}
  1667 | D:2      | You fall into a shaft and drop 1 floor!
  1829 | D:2      | Learned a level 2 spell: Call Imp
  2138 | D:3      | Reached XP level 4. HP: 27/30 MP: 2/7
  2309 | D:3      | Found a hide-covered altar of Uskayaw.
  2534 | D:3      | Found a white marble altar of Elyvilon.
  2578 | D:3      | Found a hazy altar of Hepliaklqana.
  2615 | D:3      | Reached skill level 3 in Spellcasting
  2629 | D:3      | HP: 6/30 [adder (3)]
  2634 | D:3      | HP: 5/45 [poisoned by an adder]
  2941 | D:4      | Found a glowing golden altar of the Shining One.
  2966 | D:4      | Reached skill level 3 in Conjurations
  2966 | D:4      | Reached XP level 5. HP: 24/35 MP: 7/9
  3136 | D:4      | Reached ** piety under Qazlal
  3343 | D:4      | Noticed Blork the orc
  3350 | D:4      | Killed Blork the orc
  3351 | D:4      | Reached skill level 1 in Fighting
  3351 | D:4      | Reached XP level 6. HP: 41/44 MP: 5/11
  3476 | D:4      | Found a burning altar of Makhleb.
  3535 | D:4      | Noticed Natasha
  3538 | D:4      | Killed Natasha
  3539 | D:4      | Reached skill level 2 in Fighting
  3700 | D:4      | Found a blossoming altar of Fedhas.
  3711 | D:4      | Noticed an oklob plant
  3853 | D:4      | HP: 8/44 [oklob plant/splash of acid (36)]
  4020 | D:4      | Noticed Natasha
  4027 | D:4      | Killed Natasha
  4028 | D:4      | Reached skill level 4 in Spellcasting
  4034 | D:4      | Noticed Natasha
  4039 | D:4      | Killed Natasha
  4093 | D:5      | Entered Level 5 of the Dungeon
  4150 | D:5      | Found a radiant altar of Vehumet.
  4444 | D:5      | Reached skill level 3 in Fighting
  4534 | D:5      | Reached XP level 7. HP: 50/52 MP: 8/13
  4625 | D:5      | Found a staircase to the Ecumenical Temple.
  4748 | D:5      | Found an iron altar of Okawaru.
  4895 | D:5      | Reached skill level 4 in Fighting
  5114 | D:5      | Reached skill level 5 in Spellcasting
  5441 | D:6      | Noticed a manticore
  5446 | D:6      | HP: 13/54 [manticore/volley of spikes (14)]
  5448 | D:6      | HP: 6/54 [manticore (6)]
  5448 | D:6      | Slain by a manticore

Illustrated notes

Levels and vault maps discovered:
D:1:      ncdulo_lavacross, layout_loops_ring,
          shapermc_ecumenical_altar_mp_vishouse, serial_shops,
          nicolae_shop_stone, minivault_27, minivault_14, minmay_tripent
D:2:      layout_loops_cross
D:3:      layout_rooms, nicolae_elyvilon_peaceful_grove,
          nicolae_uskayaw_dance_hall, nicolae_hepliaklqana_monster_ancestors,
          grunt_decor_cap, minmay_shallow_snake_nest
D:4:      layout_rooms, mainiacjoe_overflow_24_doors,
          mainiacjoe_overflow_alcove_2, tgw_fedhas, grunt_ministairs_4,
          corexii_shack, uniq_natasha, uniq_blork_the_orc
D:5:      layout_cave_pods, vehumet_statue, lemuel_coloured_pillars_altar,
          minmay_temple_entry_hall, chequers_serial_rivers_small_3,
          serial_park_tiny_1, ebering_dispersal_statue_hall
D:6:      layout_basic, grunt_qazlal_sundering, solitary_fountain

Skill      XL: |  1  2  3  4  5  6  7 |
---------------+----------------------+-----
Conjurations   | 1 2 3 |  3.0
Spellcasting   | 2 3 4 5 |  5.0
Air Magic      | 3 |  3.0
Fighting       | 1 3 4 |  4.2
Dodging        | |  1.7
Stealth        | |  1.5

Action                     |  1- 3 |  4- 6 |  7- 9 || total
---------------------------+-------+-------+-------++-------
  Melee: Unarmed           |    16 |       |       ||    16
         Spear             |    36 |    67 |       ||   103
         Dagger            |       |    29 |    28 ||    57
         Scimitar          |       |    18 |    20 ||    38
         Falchion          |       |       |     8 ||     8
   Cast: Shock             |    64 |    84 |    23 ||   171
    Use: Scroll            |       |     3 |    13 ||    16
         Potion            |       |     1 |     6 ||     7
 Armour: Robe              |    23 |       |       ||    23
         Leather armour    |    13 |    61 |    20 ||    94
         Skin              |       |     3 |       ||     3
  Dodge: Dodged            |    43 |    52 |    14 ||   109
  Block: Other             |       |     3 |     4 ||     7

Table legend: (Time is in decaauts)
 A = Elapsed time spent in this place.
 B = Non-inter-level travel time spent in this place.
 C = Inter-level travel time spent in this place.
 D = Time resting spent in this place.
 E = Time spent auto-exploring this place.
 F = Levels seen in this place.
 G = Mean time per level.
                   A        B        C        D        E       F      G
               +--------+--------+--------+--------+--------+-----+--------+
         Total |   5478 |   5355 |    123 |      0 |   4613 |   6 |  913.0 |
       Dungeon |   5478 |   5355 |    123 |      0 |   4613 |   6 |  913.0 |
               +--------+--------+--------+--------+--------+-----+--------+

Top non-repeatable levels by time:
     D:1: 1355 daAuts
     D:5: 1328 daAuts
     D:4: 1199 daAuts
     D:3: 798 daAuts
     D:2: 756 daAuts
     D:6: 40 daAuts

Levels and vault maps discovered:
D:1:      ncdulo_lavacross, layout_loops_ring,
          shapermc_ecumenical_altar_mp_vishouse, serial_shops,
          nicolae_shop_stone, minivault_27, minivault_14, minmay_tripent
D:2:      layout_loops_cross
D:3:      layout_rooms, nicolae_elyvilon_peaceful_grove,
          nicolae_uskayaw_dance_hall, nicolae_hepliaklqana_monster_ancestors,
          grunt_decor_cap, minmay_shallow_snake_nest
D:4:      layout_rooms, mainiacjoe_overflow_24_doors,
          mainiacjoe_overflow_alcove_2, tgw_fedhas, grunt_ministairs_4,
          corexii_shack, uniq_natasha, uniq_blork_the_orc
D:5:      layout_cave_pods, vehumet_statue, lemuel_coloured_pillars_altar,
          minmay_temple_entry_hall, chequers_serial_rivers_small_3,
          serial_park_tiny_1, ebering_dispersal_statue_hall
D:6:      layout_basic, grunt_qazlal_sundering, solitary_fountain

Table legend: (Time is in decaauts)
 A = Elapsed time spent in this place.
 B = Non-inter-level travel time spent in this place.
 C = Inter-level travel time spent in this place.
 D = Time resting spent in this place.
 E = Time spent auto-exploring this place.
 F = Levels seen in this place.
 G = Mean time per level.
                   A        B        C        D        E       F      G
               +--------+--------+--------+--------+--------+-----+--------+
         Total |   5478 |   5355 |    123 |      0 |   4613 |   6 |  913.0 |
       Dungeon |   5478 |   5355 |    123 |      0 |   4613 |   6 |  913.0 |
               +--------+--------+--------+--------+--------+-----+--------+

Top non-repeatable levels by time:
     D:1: 1355 daAuts
     D:5: 1328 daAuts
     D:4: 1199 daAuts
     D:3: 798 daAuts
     D:2: 756 daAuts
     D:6: 40 daAuts

Table legend:
 A = Kills in this place as a percentage of kills in the entire game.
 B = Kills by you in this place as a percentage of kills by you in the entire game.
 C = Kills by friends in this place as a percentage of kills by friends in the entire game.
 D = Other kills in this place as a percentage of other kills in the entire game.
 E = Experience gained in this place as a percentage of experience gained in the entire game.
 F = Experience gained in this place divided by the number of levels of this place that you have seen.
                   A       B       C       D       E      F
               +-------+-------+-------+-------+-------+----------------------
         Total | 100.0 | 100.0 |   N/A |   N/A | 100.0 | 160.0
       Dungeon | 100.0 | 100.0 |   N/A |   N/A | 100.0 | 160.0
               +-------+-------+-------+-------+-------+----------------------
